Map: Echo LE (Void)

Players

GimliTerran (iaguz)

  • Race: Terran Terran

Kyo - Winner!

  • Race: Protoss Protoss

VOD

Have the link to the VOD?

Description

Time

  • Played on: May 3, 2015, 5:22 p.m.
  • Length: 7:56
Show
View Real Time Build Order
Export as new Build Order

GimliTerran Terran 

Build Orders: Reaper Expand, MMM Bio 

Get SALT Encoding   

  12  0:01  SCV  
  13  0:13  SCV  
  14  0:17  Supply Depot  
  14  0:25  SCV  
  15  0:39  SCV  
  15  0:41  Barracks  
  16  0:45  Refinery  
  16  0:51  SCV  
  17  1:03  SCV  
  18  1:16  SCV  
  19  1:24  Command Center  
  19  1:28  Reaper  
  21  1:32  SCV  
  21  1:44  Orbital Command  
  21  1:50  Supply Depot  
  21  2:02  Barracks  
  21  2:04  Barracks Tech Lab  
  21  2:10  SCV  
  22  2:17  Barracks  
  22  2:22  SCV  
  23  2:25  Marine  
  24  2:33  Stimpack  
  24  2:42  SCV, Orbital Command  
  24  2:44  Marine  
  24  2:47  Bunker  
  24  2:50  Marine  
  26  2:54  SCV  
  26  2:56  Supply Depot  
  27  3:03  Marine  
  27  3:04  Marine  
  29  3:08  Marine  
  29  3:10  SCV  
  31  3:14  SCV  
  32  3:21  Marine  
  32  3:22  Marine  
  32  3:26  SCV, Marine  
  35  3:35  SCV  
  35  3:38  SCV  
  35  3:39  Factory  
  37  3:42  Marine x2  
  37  3:46  Marine  
  37  3:47  SCV  
  41  3:50  SCV  
  41  3:53  Refinery  
  41  3:55  Supply Depot  
  42  3:59  SCV, Marine  
  42  4:00  Engineering Bay  
  42  4:01  Marine  
  42  4:02  SCV  
  45  4:11  SCV  
  45  4:13  Marine  
  45  4:14  SCV  
  46  4:17  Marine  
  46  4:19  Marine  
  46  4:23  SCV  
  42  4:30  Marine  
  41  4:33  Starport  
  41  4:34  SCV  
  41  4:35  Marine  
  41  4:36  SCV  
  44  4:38  Combat Shields, Marine  
  44  4:39  Bunker  
  45  4:47  SCV  
  45  4:50  SCV  
  41  4:57  Marine x3  
  41  4:58  Factory Reactor  
  41  4:59  SCV  
  30  5:10  SCV  
  30  5:12  SCV  
  30  5:15  Marine x2  
  29  5:22  SCV  
  29  5:23  Marine  
  30  5:32  Marine  
  30  5:33  Marine  
  23  5:37  SCV  
  23  5:41  Marine  
  22  5:44  SCV  
  22  5:48  Hellion x2  
  22  5:49  SCV  
  28  5:50  Marine x2  
  28  5:55  Medivac  
  28  5:56  SCV  
  33  6:01  SCV  
  34  6:06  Marine  
  34  6:09  SCV  
  36  6:12  Hellion  
  36  6:13  SCV  
  36  6:17  Marine  
  40  6:21  SCV  
  40  6:25  SCV  
  40  6:33  SCV  
  40  6:37  SCV  
  39  6:45  SCV  
  36  6:49  SCV  
  36  6:53  Marine  
  36  6:54  Marine  
  39  6:55  Marine  
  39  6:57  SCV  
  41  7:05  SCV  
  39  7:09  SCV  
  39  7:12  Marine x2  
Show
View Real Time Build Order
Export as new Build Order

Kyo Protoss - Winner!

Build Orders: 4 Gate Adept 

Get SALT Encoding   

  12  0:00  Probe  
  13  0:13  Pylon  
  13  0:17  Probe  
  14  0:31  Probe (Chrono Boost)  
  14  0:32  Gateway  
  15  0:42  Probe (Chrono Boost)  
  16  0:48  Probe (Chrono Boost)  
  17  0:50  Assimilator  
  17  0:52  Assimilator  
  17  1:00  Probe  
  18  1:08  Pylon  
  18  1:12  Probe  
  19  1:19  Cybernetics Core  
  19  1:24  Probe  
  20  1:36  Probe  
  21  1:48  Probe  
  22  1:57  Robotics Facility  
  22  1:59  Adept (Chrono Boost)  
  22  2:00  Warp Gate (Chrono Boost)  
  24  2:07  Probe (Chrono Boost)  
  25  2:19  Mothership Core (Chrono Boost)  
  27  2:44  Warp Prism (Chrono Boost)  
  27  2:47  Gateway x2  
  29  2:57  Gateway  
  29  3:04  Pylon  
  29  3:17  Observer  
  30  3:37  Nexus  
  28  3:51  Adept x2  
  28  3:53  Adept  
  34  3:57  Observer  
  34  4:00  Adept  
  37  4:09  Pylon  
  35  4:34  Adept x3  
  35  4:35  Adept  
  43  4:42  Probe  
  44  4:46  Pylon  
  44  4:50  Probe  
  41  5:10  Probe x2 (Chrono Boost)  
  41  5:13  Adept x2  
  41  5:14  Adept x2  
  44  5:22  Probe (Chrono Boost)  
  44  5:42  Probe  
  39  5:45  Adept x2  
  39  5:48  Adept x2  
  47  5:50  Probe  
  47  5:55  Probe (Chrono Boost)  
  49  5:57  Robotics Bay  
  49  6:05  Probe (Chrono Boost)  
  49  6:07  Probe (Chrono Boost)  
  49  6:10  Assimilator  
  49  6:11  Assimilator  
  51  6:16  Probe (Chrono Boost)  
  52  6:20  Probe (Chrono Boost)  
  52  6:22  Probe  
  54  6:31  Probe  
  55  6:34  Probe  
  54  6:42  Adept x2  
  54  6:43  Probe  
  57  6:49  Probe  
  54  6:55  Probe  
  54  7:01  Probe  
  55  7:07  Probe  
  56  7:11  Adept  
  56  7:12  Adept  
  56  7:13  Probe  
  65  7:16  Disruptor x2 (Chrono Boost)  
  66  7:23  Adept  
  68  7:30  Pylon  
  68  7:31  Pylon  
  68  7:32  Pylon  
  64  7:54  Adept x4  
Tags
 
Build Order
4 Gate Adept
Composition
MMM Bio
Matchup
PvT
Player
iaguz
Add a new tag
Caveats
  • Supply blocks, unpowered buildings, or Contaminate may cause inaccurate times.
  • Supply counts are checked every 10 seconds.